AoeStats
← Hara FTW!

Black Forest

508899795Analyzed
3v3 RM · 8d ago on Sep 24, 2026· 62m 44s· 6 players
Game mode
Random Map
Map size
Normal (6 player)
Population
200
Speed
Normal
Resources
Standard
Victory
Conquest
Starting age
Dark Age
Ending age
Imperial Age
RankedLock teamsTeams togetherTeam positionsShared explorationLock speedFull tech treeHidden civsTurbo modeCheats
Victory
Defeat
🇬🇧 Romans · United Kingdom
1051
+14
🇷🇴 Persians · Romania
1046
+14
🇷🇴 Hindustanis · Romania
918
+19
🇬🇧 Varangians · United Kingdom
1031
-17
🇬🇧 Bengalis · United Kingdom
1007
-16
🇲🇽 Teutons · Mexico
969
-14
TheToivi
0:27 Loom
13:09 Feudal Age
16:55 Castle Age
15:10 Double-Bit Axe
15:58 Horse Collar
18:35 Bow Saw
22:27 Wheelbarrow
22:55 Forging
22:52 Heavy Plow
25:05 Hand Cart
24:26 Pikeman
27:09 Fortified Wall
29:59 Gold Mining
30:01 Stone Mining
33:38 Imperial Age
31:38 Town Watch
34:28 Masonry
34:00 Treadmill Crane
34:43 Forging
34:33 Scale Mail Armor
34:40 Scale Barding Armor
35:12 Town Patrol
35:51 Crop Rotation
36:42 Capped Ram
37:42 Siege Ram
40:08 Siege Engineers
41:53 Elite Varangian Guard
42:34 Squires
42:20 Arson
42:21 Gambesons
42:03 Gothikon
43:24 Iron Casting
43:06 Chain Mail Armor
44:39 Fervor
45:11 Stone Shaft Mining
44:42 Halberdier
46:30 Blast Furnace
46:01 Plate Mail Armor
45:22 Fletching
46:46 Caravan
47:51 Two-Man Saw
49:45 Bodkin Arrow
52:35 Conscription
53:12 Bracer
53:15 Padded Archer Armor
54:28 Heavy Scorpion
56:16 Chemistry
55:38 Ballistics
55:50 Architecture
55:17 Murder Holes
61:01 Elite Jarl
62:07 Chain Barding Armor
Alex
8:59 Loom
12:09 Feudal Age
14:04 Fishing Lines
14:13 Double-Bit Axe
16:50 Castle Age
17:58 Bow Saw
24:17 Gillnets
27:35 Imperial Age
27:35 Stone Mining
27:37 Gold Mining
28:06 Horse Collar
29:28 Two-Man Saw
29:08 Gold Shaft Mining
28:57 Heavy Plow
29:38 Wheelbarrow
32:04 Hand Cart
32:29 Crop Rotation
32:15 Scale Barding Armor
32:37 Siege Engineers
33:04 Forging
33:59 Bloodlines
34:45 Chain Barding Armor
36:18 Chemistry
35:56 Iron Casting
36:08 Plate Barding Armor
36:11 Elite Battle Elephant
38:09 Blast Furnace
37:05 Town Watch
38:08 Conscription
37:58 Paiks
38:14 Mahayana
38:41 Husbandry
39:20 Fletching
40:07 Bodkin Arrow
42:52 Caravan
44:37 Masonry
44:31 Bracer
52:14 Pikeman
53:05 Light Cavalry
59:28 Architecture
59:19 Ballistics
62:11 Murder Holes
dse_dll
0:55 Loom
13:15 Feudal Age
17:34 Wheelbarrow
22:23 Castle Age
24:15 Double-Bit Axe
33:26 Imperial Age
31:19 Ballistics
31:13 Fortified Wall
33:06 Bow Saw
33:15 Forging
33:06 Scale Mail Armor
33:08 Horse Collar
35:45 Chemistry
35:59 Two-Man Saw
35:28 Conscription
35:32 Ironclad
35:56 Heavy Plow
36:19 Pikeman
37:02 Squires
43:16 Halberdier
44:14 Chain Mail Armor
44:34 Iron Casting
44:44 Caravan
50:23 Scale Barding Armor
51:19 Blast Furnace
52:53 Cavalier
53:45 Bloodlines
54:06 Chain Barding Armor
57:25 Paladin
GallbaKT
0:32 Loom
13:12 Feudal Age
18:46 Castle Age
16:53 Double-Bit Axe
30:49 Imperial Age
31:38 Caravan
31:52 Ballistas
32:04 Capped Ram
32:53 Heavy Scorpion
35:14 Wheelbarrow
35:57 Bow Saw
42:34 Conscription
42:31 Husbandry
42:42 Bloodlines
42:25 Light Cavalry
43:18 Scale Barding Armor
43:26 Forging
42:48 Siege Ram
47:10 Man-at-Arms
47:51 Squires
48:29 Iron Casting
47:55 Scale Mail Armor
50:35 Blast Furnace
49:00 Long Swordsman
54:47 Legionary
55:46 Chain Mail Armor
58:40 Chemistry
58:00 Ballistics
57:46 Siege Engineers
59:24 Pikeman
61:44 Halberdier
Hara FTW!
4:11 Loom
14:03 Feudal Age
20:30 Castle Age
19:47 Double-Bit Axe
24:49 Bow Saw
24:22 Horse Collar
27:54 Heavy Plow
28:17 Caravan
31:56 Fortified Wall
36:05 Imperial Age
34:12 Wheelbarrow
33:23 Town Watch
35:15 Gold Mining
35:16 Stone Mining
37:52 Two-Man Saw
39:24 Scale Barding Armor
39:30 Forging
40:22 Conscription
39:30 Light Cavalry
40:31 Bloodlines
40:51 Chain Barding Armor
41:22 Husbandry
40:52 Heavy Camel Rider
43:20 Plate Barding Armor
43:21 Iron Casting
43:01 Grand Trunk Road
42:27 Imperial Camel Rider
44:17 Masonry
44:33 Ballistics
43:38 Hussar
46:51 Blast Furnace
61:20 Chemistry
60:26 Padded Archer Armor
60:31 Shatagni
Aleon
1:11 Loom
11:36 Feudal Age
12:02 Double-Bit Axe
18:31 Castle Age
17:29 Wheelbarrow
16:51 Fishing Lines
17:06 Fletching
20:11 Bow Saw
23:53 Gillnets
24:39 Horse Collar
25:52 Heavy Plow
27:22 Kamandaran
28:06 Bodkin Arrow
28:12 Padded Archer Armor
28:56 Thumb Ring
29:09 Crossbowman
33:25 Imperial Age
30:41 Town Watch
31:48 Ballistics
31:57 Hand Cart
32:08 Murder Holes
32:24 Masonry
32:33 Leather Archer Armor
35:02 Two-Man Saw
34:35 Crop Rotation
34:01 Gold Mining
34:38 Conscription
34:28 Scale Barding Armor
34:34 Forging
36:03 Gold Shaft Mining
37:04 Chemistry
37:13 Chain Barding Armor
37:30 Iron Casting
37:14 Town Patrol
39:29 Ring Archer Armor
39:35 Plate Barding Armor
38:46 Heavy Camel Rider
39:27 Husbandry
38:57 Pikeman
39:37 Squires
40:20 Guilds
39:39 Elite War Elephant
40:39 Bloodlines
41:51 Architecture
42:47 Citadels
44:09 Coinage
43:40 Caravan
45:21 Blast Furnace
44:22 Scale Mail Armor
46:40 Banking
48:24 Cavalier
53:36 Savar
57:09 Architecture
56:53 Clinker Construction
57:05 Light Cavalry
57:54 Hussar
62:35 Hoardings
61:33 Sappers
Connection lost

Rejoining the realm…

Still unreachable

The connection could not be restored.

Session expired

The server has moved on; the page needs a fresh start.